 Dungeon Crawl Stone Soup version 0.19.0-19-g8c6edcc (webtiles) character file.

355 Monsterracer the Poker (level 6, -3/46 HPs)
             Began as a Merfolk Skald on Nov 13, 2016.
             Was a Follower of Okawaru.
             Slain by an orc
             ... wielding a +0 short sword
              (4 damage)
             ... on level 4 of the Dungeon.
             The game lasted 00:08:11 (3976 turns).

Monsterracer the Poker (Merfolk Skald)              Turns: 3976, Time: 00:08:12

Health: -3/46      AC:  5    Str: 12    XL:     6   Next: 63%
Magic:  5/10       EV: 12    Int: 13    God:    Okawaru [*.....]
Gold:   96         SH:  5    Dex: 14    Spells: 4 memorised, 2 levels left

rFire  . . .     SeeInvis .     n - +3 halberd
rCold  . . .     Gourm    .     b - +0 leather armour
rNeg   . . .     Faith    .     (shield currently unavailable)
rPois  .         Spirit   .     (no helmet)
rElec  .         Reflect  +     k - +1 cloak
rCorr  .         Harm     .     (no gloves)
MR     +....                    (no boots)
Stlth  +.........               e - +5 amulet of reflection (curse)
                                (no ring)
                                l - ring of protection from magic

@: lethally poisoned (-3 -> -11)
A: change form in water, swift swim, stealthy swim, blurry vision 1, no device
heal 1, subdued magic 1
a: Heroism, Renounce Religion


You were on level 4 of the Dungeon.
You worshipped Okawaru.
Okawaru was aware of your devotion.
You were not hungry.

You visited 1 branch of the dungeon, and saw 5 of its levels.

You collected 96 gold pieces.

Inventory:

Hand Weapons
 n - a +3 halberd (weapon)
Armour
 b - a +0 leather armour (worn)
 k - a +1 cloak (worn)
Jewellery
 e - a cursed +5 amulet of reflection (around neck)
 l - a ring of protection from magic (left hand)
Scrolls
 a - a scroll of enchant armour {unknown}
 f - 2 scrolls of magic mapping {unknown}
 h - 3 scrolls of teleportation {unknown}
 i - 5 scrolls of identify {unknown}
 m - a scroll of remove curse {unknown}
Potions
 o - a potion of invisibility
Books
 c - a book of Battle

   Spells                             Type                      Level
   a - Infusion                       Charms                       1
   b - Shroud of Golubria             Charms/Translocation         2
   c - Song of Slaying                Charms                       2
   d - Spectral Weapon                Hexes/Charms                 3
   e - Regeneration                   Charms/Necromancy            3
Comestibles
 d - 4 bread rations
 g - 3 fruits
 j - 3 meat rations
 p - a chunk of flesh


   Skills:
 + Level 2.4 Fighting
 * Level 6.8 Polearms
 - Level 0.6 Armour
 + Level 1.8 Dodging
 + Level 2.9 Spellcasting
 * Level 5.2 Charms
 + Level 1.3 Invocations


You had 2 spell levels left.
You knew the following spells:

 Your Spells              Type           Power        Failure   Level  Hunger
a - Infusion              Chrm           ##..         3%          1    #......
b - Shroud of Golubria    Chrm/Tloc      #.........   14%         2    ###....
c - Spectral Weapon       Hex/Chrm       #.......     30%         3    ###....
d - Song of Slaying       Chrm           ##......     6%          2    ###....


Dungeon Overview and Level Annotations

Branches:
Dungeon (5/15)
 Temple: D:4-7

Altars:
Okawaru


Innate Abilities, Weirdness & Mutations

You revert to your normal form in water.
You are very nimble and swift while swimming.
You are very stealthy in the water. (Stealth+)
Scrolls take you a little longer to read.
Potions and wands are less effective at restoring your health.
Your spells are a little easier to cast, but a little less powerful.


Message History

Casting: Shroud of Golubria
Confirm with . or Enter, or press ? or * to list all spells.
You draw out your weapon's spirit!
The orc hits you with a short sword. The worker ant closely misses you.
The ogre hits you with a giant club!
Casting: Spectral Weapon
Confirm with . or Enter, or press ? or * to list all spells.
Space distorts slightly along a thin shroud covering your body.
You feel sick.
The worker ant bites you but does no damage.
Your shroud bends the orc's attack away.
You closely miss the worker ant.
Your spectral weapon hits the worker ant from afar.
The ogre hits you with a giant club!!
* * * LOW HITPOINT WARNING * * *
Your shroud falls apart!
The worker ant bites you.
* * * LOW HITPOINT WARNING * * *
You are more poisoned.
The worker ant poisons you! The orc hits you with a short sword.
You die...

.#.##....#.##.........###....###.
..........####.....[.## #........
...##.#...# ##.....## ###.#####
........#.# ##...## #...#
..###...#.# ##'## ###.# ..#
###.#.# #.# #.# .[# #.#.# #.# #.#
..#####.#.# ##o## #.# #.........#
##@(.##########.# #######.#####
#aO...#.........# #.....#
##...##.######### ###...#
##.###.# #...#########.#
##............# ##############


You could see an ogre, a worker ant, an orc and a friendly spectral enchanted
halberd.

Vanquished Creatures
  Blork the orc (D:4)
  2 orc wizards (D:4)
  An orc priest (D:4)
  A bullfrog skeleton (D:4)
  An iguana (D:4)
  A worker ant (D:4)
  4 adders
  2 oozes
  2 worms
  3 dart slugs
  2 leopard geckos
  9 orcs
  5 bats
  2 giant cockroaches
  8 goblins
  5 hobgoblins
  4 jackals (D:3)
  A ball python (D:3)
  4 frilled lizards
  8 kobolds
  3 rats
69 creatures vanquished.

Vanquished Creatures (others)
  A goblin (D:2)
1 creature vanquished.

Grand Total: 70 creatures vanquished

Notes
Turn   | Place    | Note
-------+----------+-------------------------------------------
     0 | D:1      | Monsterracer the Merfolk Skald began the quest for the Orb.
     0 | D:1      | Reached XP level 1. HP: 16/16 MP: 3/3
   108 | D:1      | Reached XP level 2. HP: 10/22 MP: 5/5
   112 | D:1      | Learned a level 2 spell: Shroud of Golubria
   290 | D:1      | Reached skill level 4 in Polearms
   636 | D:1      | Reached XP level 3. HP: 27/27 MP: 6/6
   641 | D:1      | Learned a level 3 spell: Spectral Weapon
  1367 | D:2      | Gained mutation: Scrolls take you a little longer to read. [potion of mutation]
  1367 | D:2      | Gained mutation: Potions and wands are less effective at restoring your health. [potion of mutation]
  1367 | D:2      | Gained mutation: Your spells are a little easier to cast, but a little less powerful. [potion of mutation]
  1581 | D:2      | Reached skill level 5 in Polearms
  1741 | D:2      | Reached XP level 4. HP: 14/33 MP: 7/7
  2470 | D:3      | Found an iron altar of Okawaru.
  2489 | D:3      | Became a worshipper of Warmaster Okawaru
  2912 | D:4      | Noticed Blork the orc
  2928 | D:4      | Killed Blork the orc
  2928 | D:4      | Reached skill level 6 in Polearms
  2928 | D:4      | Reached XP level 5. HP: 21/38 MP: 3/8
  3071 | D:4      | Learned a level 2 spell: Song of Slaying
  3268 | D:4      | Reached skill level 1 in Invocations
  3629 | D:4      | Reached XP level 6. HP: 44/44 MP: 8/10
  3725 | D:4      | Reached skill level 5 in Charms
  3743 | D:4      | Reached * piety under Okawaru
  3876 | D:5      | Entered Level 5 of the Dungeon
  3876 | D:5      | Noticed a phantom
  3976 | D:4      | HP: 1/46 [worker ant (5)]
  3976 | D:4      | Slain by an orc

Skill      XL: |  1  2  3  4  5  6 |
---------------+-------------------+-----
Polearms       | 4 5 6 |  6.8
Charms         | 4 5 |  5.2
Invocations    | 1 |  1.3
Fighting       | |  2.4
Armour         | |  0.6
Dodging        | |  1.8
Spellcasting   | |  2.9

Action                   |  1- 3 |  4- 6 || total
-------------------------+-------+-------++-------
Melee: Spear             |   141 |    96 ||   237
       Halberd           |       |    31 ||    31
 Cast: Shroud of Golubri |     2 |     7 ||     9
       Spectral Weapon   |       |     6 ||     6
       Song of Slaying   |       |     1 ||     1
  Use: Potion            |     1 |     5 ||     6
  Eat: Chunk             |     3 |     9 ||    12
Armor: Leather armour    |    15 |    20 ||    35
Dodge: Dodged            |    50 |    61 ||   111
Block: Other             |    18 |    15 ||    33
       Reflection        |     2 |       ||     2
